Cogmind - Beta 14 @@@ ROGUE MODE // 2024.08.16 @ 21:47:04 Player: Olafz Result: Destroyed by S-27 Virus with Autogun Performance ------------- Evolutions (6) 3000 Regions Visited (8) 1600 Robots Destroyed (0) 0 Value Destroyed (0) 0 Prototype IDs (1) 20 Alien Tech Used (0) 0 Bonus (2880) 2880 TOTAL SCORE: 7500 Bonus ------- Pacifist 2880 Cogmind --------- Core Integrity 0/1150 Matter 157/300 Energy 100/100 System Corruption 4% Temperature Cool (0) Movement Core (50) Location -4/Factory Parts ------- > --- POWER (1) -------- (None) > --- PROPULSION (4) --- (None) > --- UTILITY (12) ----- (None) > --- WEAPON (2) ------- (None) > --- INVENTORY (5) ---- Advanced Signal Interpreter ECM Suite Greatsword Peak State ------------ > --- POWER ------------ Micro Fission Core > --- PROPULSION ------- Improved Cesium-ion Thruster > --- UTILITY ---------- Structural Scanner Improved Sensor Array Advanced Signal Interpreter Advanced Signal Interpreter System Shield Improved System Shield Advanced System Shield > --- WEAPON ----------- (None) > --- INVENTORY -------- Xenon Bombardment Thruster Advanced Signal Interpreter ECM Suite [Rating: 40] Favorites ----------- Power Micro Fission Core Power Core Micro Fission Core Propulsion Improved Cesium-ion Thruster Flight Unit Improved Cesium-ion Thruster Utility Advanced Signal Interpreter Device Structural Scanner Processor Advanced Signal Interpreter Hackware Hacking Suite Weapon None Build | -11 -10 -9 -9 -8 -7 -6 -5 -4 ------- Run | Yrd Mat Mat Min Mat Fac Fac Fac Fac Slots Evolved 12 | . . 2 . 2 2 2 2 2 Power . | . . . . . . . . . Propulsion 2 | . . . . 1 1 . . . Utility 10 | . . 2 . 1 1 2 2 2 Weapon . | . . . . . . . . . Parts Attached 18 | . 1 1 . 3 2 5 . 6 Power 1 | . . . . . . . . 1 Engine . | . . . . . . . . . Core 1 | . . . . . . . . 1 Reactor . | . . . . . . . . . Propulsion 4 | . . 1 . 1 1 . . 1 Treads . | . . . . . . . . . Leg . | . . . . . . . . . Wheel . | . . . . . . . . . Hover . | . . . . . . . . . Flight 4 | . . 1 . 1 1 . . 1 Utility 13 | . 1 . . 2 1 5 . 4 Device 6 | . 1 . . 1 . 2 . 2 Storage . | . . . . . . . . . Processor 3 | . . . . . . 3 . . Hackware 4 | . . . . 1 1 . . 2 Protection . | . . . . . . . . . Artifact . | . . . . . . . . . Weapon . | . . . . . . . . . Energy Gun . | . . . . . . . . . Energy Cannon . | . . . . . . . . . Ballistic Gun . | . . . . . . . . . Ballistic Cannon . | . . . . . . . . . Launcher . | . . . . . . . . . Special Weapon . | . . . . . . . . . Impact Weapon . | . . . . . . . . . Slashing Weapon . | . . . . . . . . . Piercing Weapon . | . . . . . . . . . Special Melee Weapon . | . . . . . . . . . Unidentified Prototypes 1 | . . . . . 1 . . . Parts Lost 18 | . . . . 1 3 3 . 11 Power 1 | . . . . . . . . 1 Propulsion 4 | . . . . 1 1 . . 2 Utility 13 | . . . . . 2 3 . 8 Weapon . | . . . . . . . . . Highest Loss Streak 10 | . . . . 1 3 3 . 10 To Critical Strikes . | . . . . . . . . . Average Slot Usage (%) 25 | . 9 14 22 21 25 30 29 29 Flight 5 | . . 3 11 7 7 6 5 3 Device 6 | . 9 11 11 10 10 3 . 2 Processor 4 | . . . . . . 6 11 8 Hackware 8 | . . . . 3 7 13 11 12 Peak Build Rating 40 | . 1 3 3 9 12 26 22 40 Average Rating 14 | . . 1 3 4 9 18 22 26 On Entrance 8 | . . 1 3 3 9 12 22 22 Naked Turns 29 | . 18 . . . . . . 11 Heaviest Build 7 | . 1 1 1 2 2 2 . 7 Greatest Support 6 | 3 3 4 4 4 6 6 6 6 Greatest Overweight (x) 2 | . . . . . . . . 2 Average Overweight (x) . | . . . . . . . . . Largest Inventory Capacity 5 | 5 5 5 5 5 5 5 5 5 Average Capacity 5 | 5 5 5 5 5 5 5 5 5 Most Carried 5 | . 2 3 3 5 5 5 4 5 Average Carried 4 | . . 2 3 3 4 4 4 4 Final Capacity 5 | 5 5 5 5 5 5 5 5 5 Final Carried 5 | . 2 3 3 4 5 4 4 4 Class Distribution -------------------- 53% | Mutant 42% | Hacker-Mutant 4% | Hacker-Scout Dominant Class ---------------- Mutant | -10/Materials Mutant | -9/Materials Mutant | -9/Mines Mutant | -8/Materials Mutant | -7/Factory Hacker-Mutant | -6/Factory Hacker-Mutant | -5/Factory Hacker-Mutant | -4/Factory Resources | -11 -10 -9 -9 -8 -7 -6 -5 -4 ----------- Run | Yrd Mat Mat Min Mat Fac Fac Fac Fac Matter Collected 101 | 84 . . . . . . . 17 Remotely . | . . . . . . . . . Salvage Created . | . . . . . . . . . Parts . | . . . . . . . . . Haulers Intercepted . | . . . . . . . . . Recyclers Shooed . | . . . . . . . . . Parts Field Recycled . | . . . . . . . . . Retrieved Matter . | . . . . . . . . . Parts Self-Destructed . | . . . . . . . . . Prevented . | . . . . . . . . . Kills | -11 -10 -9 -9 -8 -7 -6 -5 -4 ------- Run | Yrd Mat Mat Min Mat Fac Fac Fac Fac Combat Hostiles Destroyed . | . . . . . . . . . Classes Destroyed . | . . . . . . . . . Best Kill Streak . | . . . . . . . . . Combat Bots Only . | . . . . . . . . . Max Kills in Single Turn . | . . . . . . . . . Gunslinging . | . . . . . . . . . Exploded . | . . . . . . . . . Melee . | . . . . . . . . . Uniques/NPCs Destroyed . | . . . . . . . . . Combat | -11 -10 -9 -9 -8 -7 -6 -5 -4 -------- Run | Yrd Mat Mat Min Mat Fac Fac Fac Fac Hostile Shots Fired 267 | . 3 20 1 8 54 41 10 130 Missed 130 | . . 13 . 5 29 30 4 49 Damage Taken 2212 | . 33 69 16 43 258 224 98 1471 Core 1718 | . 22 69 . 29 171 176 98 1153 Absorbed by Shields 23 | . . . . . 23 . . . Core Remaining (%) 87 | 100 91 . 82 94 75 79 90 . Volleys Fired . | . . . . . . . . . Largest . | . . . . . . . . . Hottest . | . . . . . . . . . Shots Fired . | . . . . . . . . . Gun . | . . . . . . . . . Cannon . | . . . . . . . . . Launcher . | . . . . . . . . . Special . | . . . . . . . . . Kinetic . | . . . . . . . . . Thermal . | . . . . . . . . . Explosive . | . . . . . . . . . Electromagnetic . | . . . . . . . . . Robot Hit Streak . | . . . . . . . . . Robot Miss Streak . | . . . . . . . . . Penetration Max . | . . . . . . . . . Secondary Targets . | . . . . . . . . . Shots Hit Robots . | . . . . . . . . . Core Hits 2 | . . . 1 . . . . 1 Critical Kills . | . . . . . . . . . Critical Parts Destroyed . | . . . . . . . . . Critical Strikes . | . . . . . . . . . Melee Attacks . | . . . . . . . . . Impact . | . . . . . . . . . Slashing . | . . . . . . . . . Piercing . | . . . . . . . . . Sneak Attacks . | . . . . . . . . . Combat Hostiles . | . . . . . . . . . Follow-up Attacks . | . . . . . . . . . Damage Inflicted 57 | . . . 8 . . . . 49 Guns . | . . . . . . . . . Cannons . | . . . . . . . . . Explosions . | . . . . . . . . . Melee . | . . . . . . . . . Ramming 57 | . . . 8 . . . . 49 Kinetic . | . . . . . . . . . Thermal . | . . . . . . . . . Explosive . | . . . . . . . . . Electromagnetic . | . . . . . . . . . Impact . | . . . . . . . . . Slashing . | . . . . . . . . . Piercing . | . . . . . . . . . Highest Corruption 4 | . . . . . . . . 4 Average Corruption 3 | . . . . . . . . 3 Corruption Purged . | . . . . . . . . . Corruption Blocked . | . . . . . . . . . Overload Shots . | . . . . . . . . . Overflow Damage . | . . . . . . . . . Projectiles . | . . . . . . . . . Explosions . | . . . . . . . . . Melee . | . . . . . . . . . Knockbacks . | . . . . . . . . . Impact . | . . . . . . . . . Kinetic . | . . . . . . . . . Secondary . | . . . . . . . . . Self-Inflicted Damage 25 | . . . 4 . . . . 21 Shots . | . . . . . . . . . Rammed 14 | . . . 1 . . . . 13 Targets Rammed 14 | . . . 1 . . . . 13 Kicked . | . . . . . . . . . Crushed . | . . . . . . . . . Highest Temperature . | . . . . . . . . . Average Temperature . | . . . . . . . . . Received Heat Transfer 229 | . 18 15 6 27 127 6 . 30 Siege Activations . | . . . . . . . . . Robots Corrupted . | . . . . . . . . . Combat Hostiles . | . . . . . . . . . Parts Fried . | . . . . . . . . . Impact Corruptions . | . . . . . . . . . Robots Melted . | . . . . . . . . . Combat Hostiles . | . . . . . . . . . Parts Melted . | . . . . . . . . . Heat Transferred . | . . . . . . . . . Parts Sabotaged . | . . . . . . . . . Parts Stolen . | . . . . . . . . . Parts Stripped . | . . . . . . . . . Power Chain Reactions . | . . . . . . . . . Alert | -11 -10 -9 -9 -8 -7 -6 -5 -4 ------- Run | Yrd Mat Mat Min Mat Fac Fac Fac Fac Peak Influence 261 | . 15 40 24 88 261 157 188 251 Initial 127 | . . 5 15 9 39 127 76 91 Average 111 | . 9 23 22 51 118 138 119 170 Maximum Alert Level 1 | . . . . . 1 . . 1 Low Security (%) 88 | 100 100 100 100 100 87 100 100 65 Level 1 11 | . . . . . 12 . . 34 Level 2 . | . . . . . . . . . Level 3 . | . . . . . . . . . Level 4 . | . . . . . . . . . Level 5 . | . . . . . . . . . High Security . | . . . . . . . . . Max Security . | . . . . . . . . . Squads Dispatched 13 | . 1 . 1 3 4 1 2 1 Investigation 4 | . . . 1 1 1 . 1 . Extermination . | . . . . . . . . . Reinforcement 9 | . 1 . . 2 3 1 1 1 Assault . | . . . . . . . . . Garrison . | . . . . . . . . . Intercept . | . . . . . . . . . Searches Triggered . | . . . . . . . . . Construction Impeded . | . . . . . . . . . Haulers Reinforced . | . . . . . . . . . Active Scanning Responses . | . . . . . . . . . Cargo Convoy Interrupts . | . . . . . . . . . Stealth | -11 -10 -9 -9 -8 -7 -6 -5 -4 --------- Run | Yrd Mat Mat Min Mat Fac Fac Fac Fac Distress Signals 3 | . . . . 1 . . . 2 Communications Jammed . | . . . . . . . . . Distress Signals . | . . . . . . . . . Times Spotted 82 | . 2 8 3 12 18 9 9 21 Peak Tracking Total 13 | . 1 7 3 10 7 11 6 13 Tactical Retreats 12 | . . . . . 4 1 1 6 Traps | -11 -10 -9 -9 -8 -7 -6 -5 -4 ------- Run | Yrd Mat Mat Min Mat Fac Fac Fac Fac Traps Triggered 4 | . . . . 1 3 . . . Indirectly . | . . . . . . . . . Trap Hack Attempts . | . . . . . . . . . Triggered . | . . . . . . . . . Disarmed . | . . . . . . . . . Reprogrammed . | . . . . . . . . . Reused . | . . . . . . . . . Traps Extracted . | . . . . . . . . . Installed . | . . . . . . . . . Triggered . | . . . . . . . . . Machines | -11 -10 -9 -9 -8 -7 -6 -5 -4 ---------- Run | Yrd Mat Mat Min Mat Fac Fac Fac Fac Machines Disabled . | . . . . . . . . . Max in Single Turn . | . . . . . . . . . Machines Repaired . | . . . . . . . . . Machines Dismantled . | . . . . . . . . . Machines Sabotaged . | . . . . . . . . . Overloaded Fab Kills . | . . . . . . . . . Hacking | -11 -10 -9 -9 -8 -7 -6 -5 -4 --------- Run | Yrd Mat Mat Min Mat Fac Fac Fac Fac Machines Accessed 11 | . 1 1 1 3 2 . 3 . Terminals 11 | . 1 1 1 3 2 . 3 . Fabricators . | . . . . . . . . . Repair Stations . | . . . . . . . . . Recycling Units . | . . . . . . . . . Scanalyzers . | . . . . . . . . . Garrison Access . | . . . . . . . . . Total Hacks 29 | . 4 3 4 6 3 . 9 . Successful 13 | . 1 1 2 3 1 . 5 . Failed 16 | . 3 2 2 3 2 . 4 . Catastrophic 7 | . 1 1 . 2 2 . 1 . Database Lockouts . | . . . . . . . . . Manual 29 | . 4 3 4 6 3 . 9 . Terminals 29 | . 4 3 4 6 3 . 9 . Fabricators . | . . . . . . . . . Repair Stations . | . . . . . . . . . Recycling Units . | . . . . . . . . . Scanalyzers . | . . . . . . . . . Garrison Access . | . . . . . . . . . Terminal Hacks 3 | . . . 1 . . . 2 . Level Access Points 3 | . . . 1 . . . 2 . Fabricator Hacks . | . . . . . . . . . Repair Station Hacks . | . . . . . . . . . Recycling Unit Hacks . | . . . . . . . . . Scanalyzer . | . . . . . . . . . Garrison Access Hacks . | . . . . . . . . . Unauthorized Hacks 10 | . 1 1 1 3 1 . 3 . Terminals 10 | . 1 1 1 3 1 . 3 . Botnet 10 | . 1 1 1 3 1 . 3 . Fabricators . | . . . . . . . . . Repair Stations . | . . . . . . . . . Recycling Units . | . . . . . . . . . Scanalyzers . | . . . . . . . . . Garrison Access . | . . . . . . . . . Data Cores Recovered . | . . . . . . . . . Used . | . . . . . . . . . Hacking Detections 10 | . 1 1 1 3 2 . 2 . Full Trace Events 2 | . . . 1 . . . 1 . Feedback Events . | . . . . . . . . . Feedback Blocked . | . . . . . . . . . Robot Schematics Acquired . | . . . . . . . . . Robots Built . | . . . . . . . . . Authchips . | . . . . . . . . . Time . | . . . . . . . . . Total Robot Build Rating . | . . . . . . . . . Part Schematics Acquired . | . . . . . . . . . Parts Built . | . . . . . . . . . Authchips . | . . . . . . . . . Time . | . . . . . . . . . Total Part Build Rating . | . . . . . . . . . Parts Repaired . | . . . . . . . . . Time . | . . . . . . . . . Parts Recycled . | . . . . . . . . . Recycled Matter . | . . . . . . . . . Retrieved Matter . | . . . . . . . . . Retrieved Components . | . . . . . . . . . Parts Scanalyzed . | . . . . . . . . . Part Schematics Acquired . | . . . . . . . . . Parts Damaged . | . . . . . . . . . Bothacking | -11 -10 -9 -9 -8 -7 -6 -5 -4 ------------ Run | Yrd Mat Mat Min Mat Fac Fac Fac Fac Used RIF Installer . | . . . . . . . . . Robots Hacked . | . . . . . . . . . Non-combat . | . . . . . . . . . Combat . | . . . . . . . . . Robot Hacks Applied . | . . . . . . . . . Relay Couplers Released . | . . . . . . . . . Fabnet Peak Effective % . | . . . . . . . . . Robots Rewired . | . . . . . . . . . Allies Hacked . | . . . . . . . . . Hacks Repelled . | . . . . . . . . . Allies | -11 -10 -9 -9 -8 -7 -6 -5 -4 -------- Run | Yrd Mat Mat Min Mat Fac Fac Fac Fac Total Allies . | . . . . . . . . . Largest Group . | . . . . . . . . . Highest-Rated Group . | . . . . . . . . . Highest-Rated Ally . | . . . . . . . . . Total Orders . | . . . . . . . . . Ally Attacks . | . . . . . . . . . Total Damage . | . . . . . . . . . Kills . | . . . . . . . . . Allies Corrupted . | . . . . . . . . . Allies Melted . | . . . . . . . . . Intel | -11 -10 -9 -9 -8 -7 -6 -5 -4 ------- Run | Yrd Mat Mat Min Mat Fac Fac Fac Fac Robot Analysis Total . | . . . . . . . . . Derelict Logs Recovered . | . . . . . . . . . Drone Launches . | . . . . . . . . . Drone Recoveries . | . . . . . . . . . Exploration | -11 -10 -9 -9 -8 -7 -6 -5 -4 ------------- Run | Yrd Mat Mat Min Mat Fac Fac Fac Fac Turns Passed 822 | 9 34 67 12 80 203 116 109 192 Spaces Moved 1894 | 18 60 137 30 153 472 309 312 403 Core 385 | 18 60 109 1 134 2 . . 61 Treads . | . . . . . . . . . Legs . | . . . . . . . . . Wheels . | . . . . . . . . . Hover . | . . . . . . . . . Flight 1509 | . . 28 29 19 470 309 312 342 Fastest Speed 35 | 50 50 35 35 35 35 35 35 35 Average Speed 39 | 50 50 46 35 48 35 35 35 41 Slowest Speed 150 | 50 50 50 50 50 50 35 35 150 Overloaded Moves . | . . . . . . . . . Propulsion Burnouts . | . . . . . . . . . Robots Hopped 16 | . . . . . 4 3 6 3 Cave-ins Triggered . | . . . . . . . . . Exploration Rate (%) 16 | 3 22 23 16 19 20 14 15 16 Regions Visited 8 Branch Regions 1 Pre-discovered Areas . | . . . . . . . . . Known Exits Taken 3 | . . . 1 . . 1 1 . Unknown Exits Taken 5 | 1 1 1 . 1 1 . . . Scrap Searched 1 | . . . 1 . . . . . Spaces Dug . | . . . . . . . . . Terrain Destroyed . | . . . . . . . . . Melee . | . . . . . . . . . Projectile . | . . . . . . . . . AOE . | . . . . . . . . . Terrain Rammed . | . . . . . . . . . Walls Destroyed . | . . . . . . . . . Machines Disabled . | . . . . . . . . . Actions | -11 -10 -9 -9 -8 -7 -6 -5 -4 --------- Run | Yrd Mat Mat Min Mat Fac Fac Fac Fac Total 1946 | 17 62 138 30 157 504 312 305 421 Wait . | . . . . . . . . . Move 1854 | 17 59 136 29 152 463 302 299 397 Hop 16 | . . . . . 4 3 6 3 Pick Up 11 | . 2 1 . 2 2 2 . 2 Fast Attach 10 | . 1 1 . 2 1 2 . 3 Attach 8 | . . . . 1 1 3 . 3 Detach . | . . . . . . . . . Swap . | . . . . . . . . . Drop . | . . . . . . . . . Fire . | . . . . . . . . . Melee . | . . . . . . . . . Ram 14 | . . . 1 . . . . 13 Kick . | . . . . . . . . . Crush . | . . . . . . . . . Escape Stasis 33 | . . . . . 33 . . . Rewire . | . . . . . . . . . Trap . | . . . . . . . . . Miscellaneous . | . . . . . . . . . Route ------- -11/Scrapyard -10/Materials -9/Materials -9/Mines (discovered 2 exits: *Mat x2) -8/Materials -7/Factory -6/Factory (discovered 2 exits: *Fac / *Low) -5/Factory (discovered 4 exits: *Fac x4) -4/Factory (discovered 1 exit: *Upp) History --------- Turn | Location | Event 3 | -11/Scrapyard | Discovered new exit (range 15) 10 | -11/Scrapyard | Entered Materials 36 | -10/Materials | Discovered new exit (range 16) 44 | -10/Materials | Entered another Materials area 44 | -9/Materials | Evolved 2 slots: Utility x2 106 | -9/Materials | Discovered new exit (range 15) 111 | -9/Materials | Entered Mines 112 | -9/Mines | Met a Derelict bent on vengeance 113 | -9/Mines | Identified exit to Materials 115 | -9/Mines | A Derelict revealed a hidden shortcut to a safe place 123 | -9/Mines | Entered Materials 123 | -8/Materials | Evolved 2 slots: Propulsion x1, Utility x1 188 | -8/Materials | Discovered new exit (range 16) 203 | -8/Materials | Entered Factory 203 | -7/Factory | Evolved 2 slots: Propulsion x1, Utility x1 312 | -7/Factory | Build established: Mutant 383 | -7/Factory | Lost 3 parts (1n2u) 402 | -7/Factory | Discovered new exit (range 14) 406 | -7/Factory | Entered another Factory area 406 | -6/Factory | Evolved 2 slots: Utility x2 461 | -6/Factory | Discovered new exit (range 16) 466 | -6/Factory | Identified exit to Lower Caves 516 | -6/Factory | Discovered new exit (range 15) 522 | -6/Factory | Lost 3 parts (3u) 522 | -6/Factory | Identified exit to Factory 522 | -6/Factory | Entered another Factory area 522 | -5/Factory | Evolved 2 slots: Utility x2 533 | -5/Factory | Identified exit to Factory 631 | -5/Factory | Entered another Factory area 631 | -4/Factory | Evolved 2 slots: Utility x2 712 | -4/Factory | Discovered new exit (range 13) 717 | -4/Factory | Identified exit to Upper Caves 800 | -4/Factory | Core integrity fell below 50% 811 | -4/Factory | Core integrity fell below 20% 823 | -4/Factory | Destroyed by S-27 Virus with Autogun Last Messages --------------- S-27 Virus destroyed. Slug penetrates Assembly Bed. Slammed into H-77 Assassin. Imp. System Shield destroyed. System corrupted by crushing effect (+1). Imp. Sensor Array broken. Destabilizing: Short circuit. Penetrated by Slug. Broken Imp. Sensor Array destroyed. Slug penetrates S-27 Virus. S-27 Virus destroyed. Slug penetrates Wall. Knocked back. Penetrated by Slug. Acquired 9 matter. Slug penetrates Wall. Adv. Signal Interpreter destroyed. Critical hit (Blast). Knocked back. Acquired 8 matter. Map ----- +----------------------------------------------------+ | ????????????????????????# ####### #### | | ??????????????????????" # ## | | ??????????????????????? # %% ##[ | | ????????????????????????/ *%"%[ | | ????????????????????????# % ##*" | | ????????????????????????# ## " | | ????????????????????????# "#"+#"#"###### " | | ????????????????????????# # """" #?## " | | ????????????????????????## % ## ! """" #?## " | | ?????????????????????????# ## """" #?## | | ?????????????????????????# ## """" #?## " | | ?????????????????????????# ## #?## " | | ?????????????????????????# ## = #?## " | | ?????????????????????????# ## ??## " | | ?????????????????????????# ## = ??## " | | ?????????????????????????# ###########??## " | | ?????????????????????????# #?? #?????## | | ?????????????????????????# #? #?????#### | | ????????????????#####+#### #? #?????#### | | ????????????????# # ! #????????? | | ????????????????# # #????????? | | ????????????????# + #????????? | | ????????????????# w # #????????? | | ????????????????# # #????????? | | ????????????????# #? **#????????? | | ????????????????+ @ #? * #????????? | | ????????????????# ##########?? #????????? | | ????????????????# ???????????? #????????? | | ????????????????#k ??????????????? #????????? | | ????????????????# ??????????????????? #????????? | | ??????????????????????????????????????###????????? | | ?????????????????????????????????????????????????? | | ?????????????????????????????????????????????????? | | ?????????????????????????????????????????????????? | | ?????????????????????????????????????????????????? | | ?????????????????????????????????????????????????? | | ?????????????????????????????????????????????????? | | ?????????????????????????????????????????????????? | | ?????????????????????????????????????????????????? | | ?????????????????????????????????????????????????? | | ?????????????????????????????????????????????????? | | ?????????????????????????????????????????????????? | | ?????????????????????????????????????????????????? | | ?????????????????????????????????????????????????? | | ?????????????????????????????????????????????????? | | ?????????????????????????????????????????????????? | | ?????????????????????????????????????????????????? | | ?????????????????????????????????????????????????? | | ?????????????????????????????????????????????????? | | ?????????????????????????????????????????????????? | +----------------------------------------------------+ Best States ------------- Heat Dissipation 43 Energy Generation 15 Energy Capacity 150 Matter Stores 184 Matter Capacity 300 Sight Range 16 Robot Scan Range 15 Terrain Scan Density 10 Evasion (%) 63 Offensive Hacking 10 Defensive Hacking 36 Item Schematics ----------------- None Robot Schematics ------------------ None Fabricated ------------ Nothing Alien Tech Used ----------------- None Achievements -------------- None Challenges ------------ None Game ------ Seed AutogunSwordTendrils Manual? 0 Play Time 00:19:33 Cumulative 207.9 hours Start 2024.08.16 @ 21:28:48 End 2024.08.16 @ 21:47:04 Sessions 1 Manual Loads 0 Difficulty Rogue Special Mode None Game No. 385 Rogue 383 Adventurer 2 Explorer 0 Win Type - Total 9 Types 8/0/0/1/0/0/0/0/0 Lore% 72 Gallery% 65 Achievement% 56 Wizard Run 0 Options --------- Layout 0 ASCII 0 Keyboard 1 Movement Numpad Keybinds 1 Fullscreen 2 Font 18/SmallcapsGlow Map View 76x50 Zoom Use 0% Tactical HUD 1 Map Filters NONE Filters NONE Steam 1 RUN: ad7bd2e0-1d27-496b-8f77-33b8a9b865a3